[Event "Early-Titled-Tuesday-Blitz-September-12-2023"]
[Site "Chess.com"]
[Date "2023.09.12"]
[Round "6"]
[White "Rutricks"]
[Black "TERMINATOR_PC"]
[Result "1-0"]
[WhiteElo "2679"]
[BlackElo "2526"]
[TimeControl "180+1"]
[EndTime "9:05:49 PDT"]
[Termination "Rutricks won by resignation"]

1. e4 e5 2. Nf3 Nc6 3. Bc4 Nf6 4. d3 Bc5 5. O-O a6 6. c3 Ba7 7.
Nbd2 d6 8. Bb3 O-O 9. h3 Re8 10. Re1 h6 11. Nf1 Be6 12. Bc2 d5 13. Qe2 Qd7 14.
Ng3 Rad8 15. Nh4 Nh7 16. Nhf5 Ne7 17. Nxg7 Kxg7 18. exd5 Nxd5 19. Qxe5+ f6 20. Qh5 Ng5 21. d4 Bf7 22. Qd1 Rxe1+ 23. Qxe1 Re8 24. Qd1 c5 25. h4 cxd4 26. hxg5 hxg5 27. cxd4 Nb4 28. Be4 Be6 29. Qh5 Qf7 30. Qf3 Nc6 31. Nh5+ Kf8 32. Nxf6 Nxd4 33. Qa3+ Re7 34. Bxg5 Ne2+ 35. Kh1 Kg7 36. Qd3 Bc4 37. Qh3 1-0

[Event "Early-Titled-Tuesday-Blitz-September-12-2023"]
[Site "Chess.com"]
[Date "2023.09.12"]
[Round "6"]
[White "Firouzja2003"]
[Black "seopie"]
[Result "1-0"]
[WhiteElo "3062"]
[BlackElo "2833"]
[TimeControl "180+1"]
[EndTime "9:05:50 PDT"]
[Termination "Firouzja2003 won by resignation"]

1. e4 c5 2. Nf3 d6 3. d4 cxd4 4. Nxd4 Nf6 5. Nc3 a6 6. Bg5 Nbd7 7. Bc4 Qb6 8. Bb3 e6 9. f3 Be7 10. Qd2 Nc5 11. O-O-O Bd7 12. Kb1 Qc7 13. a3 Nxb3 14. cxb3 b5 15. Rc1 Qb7 16. Nce2 e5 17. Nf5 Bxf5 18.
exf5 d5 19. Qe3 e4 20. Qf4 Qb6 21. fxe4 dxe4 22. Bxf6 Qxf6 23. Qxe4 O-O 24. Rc6 Qg5 25. h4 Qd2 26. Qxe7 Rfe8 27. Rxa6 Rac8 28. Rc6 Ra8 29.
Qg5 Rxe2 30. Qxd2 Rxd2 31. Rhc1 h5 32. R1c2 Rd4 33. R6c5 b4 34. R5c4 Rxc4 35. bxc4 bxa3 36. b4 Ra4 37. b5 Rb4+ 38. Ka2 1-0

[Event "Early-Titled-Tuesday-Blitz-September-12-2023"]
[Site "Chess.com"]
[Date "2023.09.12"]
[Round "6"]
[White "crazy_but_lazy"]
[Black "cthulhuuu"]
[Result "1-0"]
[WhiteElo "2637"]
[BlackElo "2470"]
[TimeControl "180+1"]
[EndTime "9:05:52 PDT"]
[Termination "crazy_but_lazy won on time"]

1. Nf3 Nf6 2. e3 g6 3. c4 Bg7 4. Nc3 O-O 5. b3 d6 6. Bb2 Nbd7 7. Be2 e5 8. h4 h5 9. Ng5 c6 10. Qc2 d5 11. cxd5 cxd5 12. Nb5 Ne8 13. Ba3 a6 14.
Bxf8 Nxf8 15. Nc3 d4 16. Nce4 Bf5 17. f3 Rc8 18. Qd3 Nd6 19. g4 Nxe4 20. Nxe4 Bd7 21.
a4 hxg4 22. fxg4 f5 23. Ng5 e4 24. Qc4+ Rxc4 25. Bxc4+ Ne6 26. Nxe6 Bxe6 27. Bxe6+ Kh8 28.
Rc1 dxe3 29. Rc8 Qxc8 30. Bxc8 exd2+ 31. Kxd2 f4 32. Bxb7 e3+ 33. Kd3 1-0

[Event "Early-Titled-Tuesday-Blitz-September-12-2023"]
[Site "Chess.com"]
[Date "2023.09.12"]
[Round "6"]
[White "allejam"]
[Black "nitpicker"]
[Result "1-0"]
[WhiteElo "2445"]
[BlackElo "2274"]
[TimeControl "180+1"]
[EndTime "9:05:52 PDT"]
[Termination "allejam won on time"]

1. e4 c5 2. Nf3 d6 3. c3 e5 4.
d4 Nd7 5. Bc4 Be7 6. Qb3 Nb6 7.
Bxf7+ Kf8 8. dxe5 dxe5 9. Bxg8 Rxg8 10. Nxe5 c4 11. Qc2 Bd6 12. Nf3 Bg4 13. Nd4 Qe7 14.
O-O Re8 15. Be3 Bb8 16. Nd2 g5 17. Rae1 Kg7 18. h3 Bd7 19. N4f3 h6 20. Bd4+ Kf8 21.
e5 Qf7 22. Qe4 Bf5 23. Qe3 Bd3 24. e6 Qg6 25. e7+ Kf7 26. Ne5+ Bxe5 27. Qxe5 Bxf1 28. Nxf1 Nc8 29. Qd5+ 1-0

[Event "Early-Titled-Tuesday-Blitz-September-12-2023"]
[Site "Chess.com"]
[Date "2023.09.12"]
[Round "6"]
[White "baki83"]
[Black "Grandmaster1369"]
[Result "1-0"]
[WhiteElo "2806"]
[BlackElo "2565"]
[TimeControl "180+1"]
[EndTime "9:05:53 PDT"]
[Termination "baki83 won by checkmate"]

1. e4 c5 2. Nf3 e6 3. c3 d5 4. exd5 Qxd5 5. d4 Nf6 6. Na3 Nc6 7. Nb5 Qd7 8. dxc5 Bxc5 9. Qxd7+ Kxd7 10. Bf4 Ne4 11.
Rd1+ Ke7 12. Nbd4 Nxd4 13. Nxd4 Bd7 14. Bd3 Nf6 15. Be5 Ng4 16. Bg3 h5 17. h3 h4 18.
Bf4 e5 19. hxg4 exf4 20. Bf5 Be8 21. Ke2 Kf6 22. Be4 Rb8 23. Kf3 Kg5 24. Ne2 b6 25.
Nxf4 g6 26. b4 Be7 27. Rhe1 Ba4 28. Rd5+ Kf6 29. c4 Bxb4 30. Rb1 Bf8 31. g5+ Kg7 32. Rd3 Bc2 33. Rd7 Bxb1 34. Bd5 Kh7 35. Bxf7 Bg7 36. Ne6 Bf5 37. Bxg6+ Kxg6 38. Rxg7+ Kh5 39. Nf4# 1-0

[Event "Early-Titled-Tuesday-Blitz-September-12-2023"]
[Site "Chess.com"]
[Date "2023.09.12"]
[Round "6"]
[White "OparinGrigoriy"]
[Black "Predator0608"]
[Result "1-0"]
[WhiteElo "3011"]
[BlackElo "2567"]
[TimeControl "180+1"]
[EndTime "9:05:54 PDT"]
[Termination "OparinGrigoriy won by resignation"]

1. Nf3 Nf6 2. g3 b6 3. Bg2 Bb7 4. d4 e6 5. c4 Be7 6. O-O O-O 7.
Nc3 Ne4 8. Bd2 f5 9. Qc2 Nxd2 10.
Qxd2 Bf6 11. Ne5 Bxg2 12. Kxg2 d6 13. Nf3 Nd7 14. e4 g5 15. exf5 g4 16. Ng1 exf5 17.
Nge2 c5 18. Nd5 Bxd4 19. Nxd4 cxd4 20. Qxd4 Ne5 21. Qf4 Rc8 22. b3 Qe8 23. Rae1 Qf7 24. a4 Rc5 25. Rd1 Qh5 26. h4 gxh3+ 27. Kh1 Qg4 28.
Ne7+ Kh8 29. Rxd6 Qg7 30. Nd5 Ng6 31. Qf3 Rcc8 32. Re1 Rce8 33. Rxe8 Rxe8 34. Qxf5 Qa1+ 35. Kh2 Qf1 36. Ne3 Rxe3 37. Qf6+ 1-0

[Event "Early-Titled-Tuesday-Blitz-September-12-2023"]
[Site "Chess.com"]
[Date "2023.09.12"]
[Round "6"]
[White "yuki_chess123"]
[Black "Rakitic2010"]
[Result "0-1"]
[WhiteElo "2179"]
[BlackElo "2408"]
[TimeControl "180+1"]
[EndTime "9:05:55 PDT"]
[Termination "Rakitic2010 won on time"]

1. e4 Nf6 2. d4 Nxe4 3. Nf3 d5 4.
Bd3 Bf5 5. O-O e6 6. Re1 Be7 7. c4 c6 8. Nc3 Nxc3 9. bxc3 Bxd3 10. Qxd3 O-O 11. Rb1 b6 12. Ne5 Bf6 13. Ng4 Nd7 14. Re3 Bg5 15. Rh3 f5 16. f4 fxg4 17. Qxh7+ Kf7 18.
Qh5+ Ke7 19. Qxg4 Bf6 20. cxd5 cxd5 21. Ba3+ Kf7 22. Bxf8 Nxf8 23. f5 Qd7 24. Qh5+ Kg8 25. Qh8+ Kf7 26. Qh5+ Ke7 27. Re1 Kd6 28. fxe6 Nxe6 29. Qf5 Rf8 30. Qd3 Nf4 31. Qg3 Qf5 32. Rf1 Bg5 33. Rh5 Kc6 34. Rxf4 Qb1+ 0-1

[Event "Early-Titled-Tuesday-Blitz-September-12-2023"]
[Site "Chess.com"]
[Date "2023.09.12"]
[Round "6"]
[White "Happy1712Drummer"]
[Black "Ariadna_Atreides"]
[Result "1-0"]
[WhiteElo "2358"]
[BlackElo "2216"]
[TimeControl "180+1"]
[EndTime "9:05:55 PDT"]
[Termination "Happy1712Drummer won on time"]

1. e4 c6 2. d4 d5 3. Nc3 dxe4 4. Nxe4 Nf6 5. Nxf6+ exf6 6. Be2 Bd6 7. Bf3 O-O 8. Ne2 Qc7 9. Ng3 Re8+ 10. Be3 Bf4 11. Qd2 Qe7 12. Nf1 Bxe3 13. Nxe3 Na6 14. O-O Nc7 15.
Rfe1 Be6 16. c4 Rad8 17. Rad1 Qd6 18. g3 f5 19. b3 f4 20. Ng2 fxg3 21. hxg3 h6 22.
Nf4 Bf5 23. Rxe8+ Rxe8 24. Kg2 b5 25. c5 Qd7 26. d5 cxd5 27. Nxd5 Nxd5 28. Qxd5 Qxd5 29.
Rxd5 Bb1 30. Rd2 g5 31. c6 g4 32. Bxg4 1-0

[Event "Early-Titled-Tuesday-Blitz-September-12-2023"]
[Site "Chess.com"]
[Date "2023.09.12"]
[Round "6"]
[White "noblerone"]
[Black "AnaKuchava"]
[Result "1-0"]
[WhiteElo "2532"]
[BlackElo "2236"]
[TimeControl "180+1"]
[EndTime "9:05:56 PDT"]
[Termination "noblerone won on time"]

1. d4 d5 2. Nf3 Nf6 3. Bg5 Ne4 4.
Bf4 Bf5 5. e3 e6 6. h3 Bd6 7. c3 c6 8. Nbd2 O-O 9. Be2 c5 10.
Bxd6 Qxd6 11. O-O Nc6 12. Nh4 Bg6 13. Nxg6 hxg6 14. Nxe4 dxe4 15. Qb3 Rab8 16. Rfd1 Rfd8 17. Qa4 f5 18. Bc4 Kf7 19. Qb5 cxd4 20. cxd4 a6 21. Qb6 Qb4 22. Qxb4 Nxb4 23. a3 Nd5 24. Rac1 Nb6 25.
Bb3 Rbc8 26. Kf1 Rxc1 27. Rxc1 Rc8 28. Rc3 Kf6 29. Ke2 Rxc3 30. bxc3 e5 31. c4 Nd7 32. Kd2 f4 33. Ba4 Nb6 34. Bb3 exd4 35. exd4 Kf5 36. c5 Na8 37. Bd5 Nc7 38. Bxb7 g5 39. d5 Nb5 40. a4 1-0

[Event "Early-Titled-Tuesday-Blitz-September-12-2023"]
[Site "Chess.com"]
[Date "2023.09.12"]
[Round "6"]
[White "Gareth-Bale11"]
[Black "aghasiyevkamal"]
[Result "1-0"]
[WhiteElo "2775"]
[BlackElo "2556"]
[TimeControl "180+1"]
[EndTime "9:05:59 PDT"]
[Termination "Gareth-Bale11 won on time"]

1. e4 e5 2. Nf3 Nc6 3. Bb5 a6 4. Ba4 Nf6 5. d3 b5 6. Bb3 Bc5 7. a4 Rb8 8. axb5 axb5 9. Bg5 d6 10.
Nbd2 h6 11. Bh4 g5 12. Bg3 O-O 13. c3 Bb6 14. Nf1 d5 15. Qe2 Re8 16. Ne3 dxe4 17.
dxe4 Nxe4 18. Bd5 Nxg3 19. hxg3 Nd4 20. Qd1 Kg7 21. Bxf7 Kxf7 22. Rxh6 Kg7 23. Rh1 Bb7 24. Kf1 Nxf3 25. Nf5+ Kf6 26. Qc2 e4 27. gxf3 1-0

[Event "Early-Titled-Tuesday-Blitz-September-12-2023"]
[Site "Chess.com"]
[Date "2023.09.12"]
[Round "6"]
[White "GeorgiosSouleidis"]
[Black "profedechess93"]
[Result "1-0"]
[WhiteElo "2538"]
[BlackElo "2655"]
[TimeControl "180+1"]
[EndTime "9:06:00 PDT"]
[Termination "GeorgiosSouleidis won by resignation"]

1. e4 e6 2. d4 d5 3. Nc3 Nf6 4. Bg5 Be7 5. e5 Nfd7 6. Bxe7 Qxe7 7. f4 a6 8. Qg4 c5 9. Qxg7 Rf8 10.
Nf3 cxd4 11. Nxd4 Nc6 12. O-O-O Qc5 13. Nce2 Nb6 14. Qxh7 Nc4 15. Nb3 Qe3+ 16. Kb1 a5 17. Qd3 Qb6 18. a4 Bd7 19. Nc3 Rc8 20. h4 Qf2 21. Qf3 Qb6 22. Nb5 N6xe5 23. fxe5 Bxb5 24. axb5 Qxb5 25. Bxc4 Rxc4 26. Rd4 a4 27. Rxc4 dxc4 28. Nd4 Qb6 29. Qc3 Ke7 30. h5 Ra8 31. Qxc4 a3 32.
Nb3 axb2 33. Kxb2 Qf2 34. Qc5+ Qxc5 35. Nxc5 b6 36. Nd3 Rh8 37. h6 f6 38. exf6+ Kxf6 39. Kc3 e5 40. Nf2 Rc8+ 41. Kd3 Rd8+ 42. Ke3 Rh8 43.
Ne4+ Kg6 44. g4 b5 45. g5 b4 46. Rf1 Rb8 47. Rf6+ Kh5 48. h7 b3 49. Rh6+ Kg4 50.
cxb3 Rxb3+ 51. Kd2 Kf3 52. h8=Q Rb2+ 53. Kc3 1-0

[Event "Early-Titled-Tuesday-Blitz-September-12-2023"]
[Site "Chess.com"]
[Date "2023.09.12"]
[Round "6"]
[White "Shockerlover"]
[Black "cukin84"]
[Result "0-1"]
[WhiteElo "1991"]
[BlackElo "2211"]
[TimeControl "180+1"]
[EndTime "9:06:00 PDT"]
[Termination "cukin84 won by checkmate"]

1. d4 f5 2. e4 fxe4 3. Nc3 Nf6 4. Bg5 Nc6 5. Bxf6 exf6 6. Nxe4 d5 7. Ng3 Bd6 8. Bd3 Qe7+ 9. N1e2 Bg4 10. f3 Bd7 11. c3 O-O-O 12. Qd2 g6 13. O-O-O Rhe8 14. Nf4 Qf7 15. Rhe1 f5 16. Bc2 Na5 17. Nd3 Nc4 18.
Qf2 h5 19. f4 h4 20. Nf1 Re4 21. Ne5 Bxe5 22. Bxe4 Bxf4+ 23. Qxf4 dxe4 24. Rxe4 Nd6 25. Re2 Qxa2 26. Nd2 Ba4 27. Rde1 a5 28. Qg5 Qa1+ 29. Nb1 Ne4 30. Rxe4 fxe4 31. Rxe4 Bc6 32. Re7 Kb8 33. Qe5 Rc8 34. Qg7 Bd5 35. Qxg6 Ba2 36. Qc2 Rf8 37. Re1 b6 38. Kd2 Bc4 39. Qe4 Qxb2+ 40. Ke3 Qf2# 0-1

[Event "Early-Titled-Tuesday-Blitz-September-12-2023"]
[Site "Chess.com"]
[Date "2023.09.12"]
[Round "6"]
[White "jraosam"]
[Black "Nf3c5"]
[Result "1-0"]
[WhiteElo "2024"]
[BlackElo "2572"]
[TimeControl "180+1"]
[EndTime "9:06:02 PDT"]
[Termination "jraosam won on time"]

1. e4 c5 2. Nf3 Nc6 3. d4 cxd4 4. Nxd4 e5 5. Nb5 d6 6. N1c3 a6 7. Na3 Be6 8. Nd5 Bxd5 9. exd5 Nce7 10. c4 Nf6 11.
Be2 g6 12. O-O Bg7 13. Be3 Nf5 14. Nc2 Nxe3 15. Nxe3 O-O 16. b4 b6 17. a4 a5 18. c5 axb4 19. c6 Ne4 20. Qb3 Nd2 21. Qxb4 Nxf1 22. Bxf1 e4 23. Rb1 f5 24. Nc4 Bd4 25.
Qxd6 Qh4 26. Qg3 Qh6 27. d6 f4 28. Qh3 Qg7 29. Qe6+ Kh8 30. Qxe4 Rxa4 31. Rd1 Bc5 32. d7 b5 33. d8=Q bxc4 34. c7 Bxf2+ 35. Kxf2 1-0

[Event "Early-Titled-Tuesday-Blitz-September-12-2023"]
[Site "Chess.com"]
[Date "2023.09.12"]
[Round "6"]
[White "Lion-Al-Messi"]
[Black "Polish_fighter3000"]
[Result "0-1"]
[WhiteElo "2603"]
[BlackElo "3074"]
[TimeControl "180+1"]
[EndTime "9:06:03 PDT"]
[Termination "Polish_fighter3000 won by resignation"]

1. e4 e6 2. d4 d5 3. exd5 exd5 4. Bd3 Nc6 5. Nf3 Bd6 6. O-O Bg4 7. c3 Nge7 8. Nbd2 Qd7 9. Re1 f6 10. b4 Bf5 11. Bf1 g5 12. Nb3 b6 13. Nc5 bxc5 14. dxc5 Be5 15. b5 Nd8 16. Nxe5 fxe5 17. Bxg5 Qe6 18.
Qa4 Nf7 19. b6+ c6 20. Bxe7 Kxe7 21. b7 Rab8 22. Qxa7 Qd7 23. Qa4 Rxb7 24. Qh4+ Kf8 25.
Qf6 Qe6 26. Qh4 Kg7 27. Re3 Rhb8 28. Rg3+ Bg6 29. Bd3 Qf6 30. Qg4 e4 31. Bc2 Rb2 32.
Qd1 h5 33. a4 h4 34. Re3 Ne5 35.
h3 Nc4 36. Re2 Qxc3 37. Rc1 Qf6 38. Re1 e3 39. fxe3 Bxc2 40. Rxc2 Rxc2 41. Qxc2 Rb2 0-1

[Event "Early-Titled-Tuesday-Blitz-September-12-2023"]
[Site "Chess.com"]
[Date "2023.09.12"]
[Round "6"]
[White "guillembaches"]
[Black "Byniolus"]
[Result "0-1"]
[WhiteElo "2524"]
[BlackElo "2789"]
[TimeControl "180+1"]
[EndTime "9:06:03 PDT"]
[Termination "Byniolus won on time"]

1. e4 d6 2. d4 Nf6 3. f3 Nbd7 4. c4 e5 5. Ne2 Be7 6. Nbc3 O-O 7. Be3 c6 8. Qd2 a6 9. g4 b5 10. Ng3 Bb7 11. g5 Ne8 12. d5 g6 13. h4 Nc7 14. h5 bxc4 15. Bxc4 cxd5 16. exd5 Nb5 17. Qh2 Bxg5 18. hxg6 h6 19. g7 Re8 20. Bxg5 Qxg5 21.
Nce4 Qe3+ 22. Be2 Nd4 23. Qh5 Rac8 24. Qxh6 Qxh6 25. Rxh6 Kxg7 26. Rh5 Rh8 27. Rxh8 Rxh8 28. Kf2 Rh2+ 29. Ke3 Nc2+ 30. Kd2 Nxa1 0-1

[Event "Early-Titled-Tuesday-Blitz-September-12-2023"]
[Site "Chess.com"]
[Date "2023.09.12"]
[Round "6"]
[White "themind1hunter"]
[Black "KNVB"]
[Result "0-1"]
[WhiteElo "2553"]
[BlackElo "2757"]
[TimeControl "180+1"]
[EndTime "9:06:04 PDT"]
[Termination "KNVB won on time"]

1. e4 c5 2. Nf3 e6 3. d4 cxd4 4.
Nxd4 Nc6 5. Nc3 Qc7 6. Be2 a6 7. Nxc6 Qxc6 8. O-O b5 9. Bf3 Bb7 10. Re1 Rc8 11. Bf4 Ne7 12. a4 Ng6 13. axb5 axb5 14. Bg3 Bc5 15. h4 h6 16. h5 Ne7 17. Qd3 b4 18.
Nb5 O-O 19. Nd6 Bxd6 20. Bxd6 Rfe8 21. Bxb4 Qxc2 22. Qxd7 Bc6 23. Qa7 Qxb2 24. Rab1 Qf6 25.
e5 Qg5 26. Bxe7 Rxe7 27. Qa6 Bxf3 28. Qxc8+ Kh7 29. Qc2+ g6 30. hxg6+ Kg7 0-1

[Event "Early-Titled-Tuesday-Blitz-September-12-2023"]
[Site "Chess.com"]
[Date "2023.09.12"]
[Round "6"]
[White "Actuary44"]
[Black "reniite"]
[Result "1-0"]
[WhiteElo "2519"]
[BlackElo "2361"]
[TimeControl "180+1"]
[EndTime "9:06:04 PDT"]
[Termination "Actuary44 won by resignation"]

1. e4 e5 2. Nf3 Nf6 3. Nc3 Nc6 4. Bb5 Bb4 5. d3 Nd4 6. Ba4 b5 7. Bb3 a5 8. a3 Nxb3 9. cxb3 Bxc3+ 10. bxc3 d6 11. h3 h6 12. O-O Bb7 13. a4 bxa4 14. Rxa4 Bc6 15. Ra3 O-O 16. Be3 Qb8 17. Qa1 Qb5 18.
Rd1 a4 19. bxa4 Rxa4 20. Rxa4 Qxa4 21. Qxa4 Bxa4 22. Ra1 Bc6 23. Ra7 Rc8 24. Nd2 d5 25.
f3 dxe4 26. dxe4 Nd7 27. Nc4 Bb5 28. Na3 Bd3 29. Kf2 Nf8 30. Bc1 Ne6 31. g3 f5 32.
exf5 Bxf5 33. g4 Bh7 34. Ra5 Nf4 35. Bxf4 exf4 36. Rc5 Kf8 37. Nc4 Ke7 38. Nb6 Rb8 39. Rxc7+ Kd6 40. Rxg7 Bd3 41. Rd7+ Kc6 42. Rxd3 Rxb6 43.
Rd4 Rb2+ 44. Ke1 Rh2 45. Rxf4 Rxh3 46. Kf2 Rh1 47. Kg2 Rh4 48. Rf6+ Kc5 49. Rf5+ Kc4 50.
Rh5 Rxh5 51. gxh5 Kxc3 52. Kg3 Kd4 53. Kf4 Kd5 54. Kf5 Kd6 55. Kg6 Ke7 56. Kxh6 Kf8 57. Kg6 1-0

[Event "Early-Titled-Tuesday-Blitz-September-12-2023"]
[Site "Chess.com"]
[Date "2023.09.12"]
[Round "6"]
[White "Herzog2012"]
[Black "Kapitan_Bayan"]
[Result "1-0"]
[WhiteElo "2494"]
[BlackElo "2212"]
[TimeControl "180+1"]
[EndTime "9:06:04 PDT"]
[Termination "Herzog2012 won by checkmate"]

1. e4 c5 2. Nf3 d6 3. d4 cxd4 4. Nxd4 Nf6 5. Nc3 a6 6. Bg5 e6 7. f4 h6 8. Bh4 Qb6 9. Qd2 Qxb2 10. Rb1 Qa3 11. Bd3 Nc6 12. Nxc6 bxc6 13. O-O Be7 14. Kh1 e5 15. fxe5 dxe5 16. Ne2 Qxa2 17. Rb3 Be6 18. Rb7 Qa3 19. Qe3 O-O 20. Bxf6 Bxf6 21.
Rxf6 gxf6 22. Qxh6 Qa2 23. Qxf6 Qa1+ 24. Ng1 Rfb8 25.
Qg5+ Kf8 26. Qe7+ Kg8 27. Qg5+ Kf8 28. Qh6+ Kg8 29. Rc7 Qd1 30. Qg5+ Kh7 31. Be2 Qd8 32. Qh5+ Kg7 33. Qxe5+ Kf8 34. Qh8# 1-0

[Event "Early-Titled-Tuesday-Blitz-September-12-2023"]
[Site "Chess.com"]
[Date "2023.09.12"]
[Round "6"]
[White "Alex_Banzea"]
[Black "valemava"]
[Result "1-0"]
[WhiteElo "2621"]
[BlackElo "2293"]
[TimeControl "180+1"]
[EndTime "9:06:04 PDT"]
[Termination "Alex_Banzea won by checkmate"]

1. d4 c6 2. Nc3 b5 3. e4 b4 4. Nce2 Ba6 5. a3 bxa3 6. Rxa3 e6 7. Ra1 Nf6 8. e5 Nd5 9. Nf3 Be7 10. c3 O-O 11. h4 h6 12. g4 c5 13. g5 h5 14.
Rxa6 Nxa6 15. Ng3 Qa5 16. Nxh5 cxd4 17. Nxd4 Nxc3 18. bxc3 Qxc3+ 19. Qd2 Qc5 20. f4 Nb4 21. Nf6+ Bxf6 22. gxf6 Qxd4 23. Qg2 g6 24. h5 Qc3+ 25.
Bd2 Qa1+ 26. Kf2 Qb1 27. hxg6 Qxg6 28. Qh2 Nd3+ 29. Bxd3 Qh5 30. Qxh5 Rfb8 31. Qh8# 1-0

[Event "Early-Titled-Tuesday-Blitz-September-12-2023"]
[Site "Chess.com"]
[Date "2023.09.12"]
[Round "6"]
[White "Pumpkin_in_moonlight"]
[Black "zverr1"]
[Result "0-1"]
[WhiteElo "2270"]
[BlackElo "2479"]
[TimeControl "180+1"]
[EndTime "9:06:06 PDT"]
[Termination "zverr1 won on time"]

1. e4 c5 2. Nf3 d6 3. Bb5+ Bd7 4. a4 Nf6 5. Qe2 g6 6. O-O Bg7 7. d4 cxd4 8. Nxd4 O-O 9. Nc3 Nc6 10. Nxc6 bxc6 11. Bc4 Bc8 12. Rd1 Nd7 13. Bf4 a5 14.
Qe3 Qb6 15. Qxb6 Nxb6 16. Bb3 Ba6 17. Be3 Nc4 18. Bxc4 Bxc4 19. Bd4 Rab8 20. b3 Be6 21.
Bxg7 Kxg7 22. Ne2 Rb4 23. f3 g5 24. Kf2 c5 25. Nc3 c4 26. Nd5 Rb7 27. bxc4 Rc8 28.
Rd4 f6 29. Ke3 Kf7 30. Kd2 Bd7 31. Nc3 Rb4 32. Nb5 Rbxc4 33. Rxc4 Rxc4 34. Kd3 Rb4 35. c4 Rb2 36. g3 Rxh2 37. Nc3 Rh3 38. Ke3 Rxg3 39.
Rh1 Rh3 40. Rb1 g4 0-1

[Event "Early-Titled-Tuesday-Blitz-September-12-2023"]
[Site "Chess.com"]
[Date "2023.09.12"]
[Round "6"]
[White "Pingah9"]
[Black "MightyGMpretender"]
[Result "1-0"]
[WhiteElo "2579"]
[BlackElo "2791"]
[TimeControl "180+1"]
[EndTime "9:06:07 PDT"]
[Termination "Pingah9 won on time"]

1. e4 g6 2. h4 d5 3. exd5 Nf6 4. c4 c6 5. dxc6 Nxc6 6. Nf3 Bg4 7. Be2 Bg7 8. Nc3 O-O 9. d3 Qd7 10. Be3 Rad8 11.
Qd2 Rfe8 12. Rd1 e5 13. O-O Nd4 14. Bxd4 exd4 15. Nb5 Nh5 16. Rfe1 a6 17. Na3 h6 18.
c5 Qc7 19. b4 Nf4 20. Nc4 Nxe2+ 21. Rxe2 Bxf3 22. gxf3 Rxe2 23. Qxe2 Bf6 24. Qe4 Kg7 25.
Nd6 Qd7 26. Re1 Kf8 27. Nxb7 Rb8 28. c6 Qh3 29. Qf4 Kg7 30. Qxb8 Qxf3 31. Qg3 Qxc6 32. Nd6 Qc3 33. Kf1 Kh7 34. Nxf7 Bg7 35. Ne5 1-0

[Event "Early-Titled-Tuesday-Blitz-September-12-2023"]
[Site "Chess.com"]
[Date "2023.09.12"]
[Round "6"]
[White "kingofthenil"]
[Black "Ind1anStar"]
[Result "1-0"]
[WhiteElo "2751"]
[BlackElo "2547"]
[TimeControl "180+1"]
[EndTime "9:06:07 PDT"]
[Termination "kingofthenil won on time"]

1. Nf3 d5 2. g3 Nf6 3. Bg2 c5 4.
O-O Nc6 5. d4 cxd4 6. Nxd4 e5 7.
Nxc6 bxc6 8. c4 h6 9. Nc3 Be6 10.
Qa4 Bd7 11. cxd5 cxd5 12. Qa6 d4 13. Bxa8 Qxa8 14. Nb5 Nd5 15. e4 dxe3 16. Bxe3 Be7 17.
Nd6+ Kf8 18. Bc5 Bh3 19. Rfd1 Nc3 20. Nb7 Ne2+ 21. Kh1 Nd4 22. Bxe7+ Kxe7 23. Qd6+ Ke8 24. Qxe5+ Kf8 25. Rxd4 Qxb7+ 26. Qd5 Qxd5+ 27. Rxd5 Ke7 28. Re1+ Be6 29. Ra5 Ra8 30. Re3 Kf6 31. Rea3 Rc8 32. Kg2 Rc2 33. b3 1-0

[Event "Early-Titled-Tuesday-Blitz-September-12-2023"]
[Site "Chess.com"]
[Date "2023.09.12"]
[Round "6"]
[White "masterofpuppets2"]
[Black "carloseduar100"]
[Result "1-0"]
[WhiteElo "2507"]
[BlackElo "2299"]
[TimeControl "180+1"]
[EndTime "9:06:08 PDT"]
[Termination "masterofpuppets2 won by checkmate"]

1. d4 d5 2. c4 e5 3. dxe5 d4 4. Nf3 Nc6 5. g3 Nge7 6. Bg2 Ng6 7. Bg5 Qd7 8. e6 Bb4+ 9. Nbd2 Qxe6 10. a3 h6 11.
axb4 hxg5 12. Nxg5 Qe7 13. Ngf3 Qxb4 14. Qc2 Bg4 15. O-O O-O-O 16. Rfe1 Rh5 17. Ra4 Qe7 18. b4 Kb8 19. b5 Nce5 20. Rea1 Qc5 21. Qa2 a6 22.
Rxa6 Kc8 23. Ra8+ Kd7 24. Rxd8+ Kxd8 25. Qa8+ Ke7 26. Qxb7 Nxf3+ 27. Bxf3 Ne5 28. Bxg4 Nxg4 29. Qe4+ Ne5 30. f4 d3+ 31. e3 f6 32. fxe5 Rxe5 33. Qd4 Qb4 34. Qxd3 Qc5 35. Qd4 Qb4 36. Nf3 Re6 37. Rf1 Kf7 38. Qd5 Ke7 39. Nd4 Re5 40. Nc6+ Ke8 41. Qxe5+ Qe7 42. Qxe7# 1-0

[Event "Early-Titled-Tuesday-Blitz-September-12-2023"]
[Site "Chess.com"]
[Date "2023.09.12"]
[Round "6"]
[White "lachesisQ"]
[Black "bardiya_Daneshvar"]
[Result "1-0"]
[WhiteElo "3085"]
[BlackElo "2949"]
[TimeControl "180+1"]
[EndTime "9:06:10 PDT"]
[Termination "lachesisQ won on time"]

1. e4 c6 2. d4 d5 3. Nc3 dxe4 4.
Nxe4 Bf5 5. Ng3 Bg6 6. c3 Nd7 7.
h4 h6 8. Nh3 Ngf6 9. Nf4 Bh7 10.
Bc4 Nb6 11. Bb3 Nbd5 12. O-O e6 13. Qf3 Bd6 14. Re1 Nxf4 15. Bxf4 Bxf4 16. Qxf4 O-O 17.
Re5 Qc7 18. Qf3 Kh8 19. Rae1 Nd7 20. R5e3 Bg6 21. Ne2 Nf6 22. Nf4 Bf5 23. Qg3 Rac8 24. Re5 Ng4 25. R5e2 Qb8 26. Bc2 Bxc2 27. Rxc2 Nf6 28.
Qf3 Qd6 29. g4 Nd5 30. Nd3 Qd8 31. Qg3 b6 32. Rd2 Qc7 33. Ne5 Ne7 34. Kg2 Kg8 35. Rd3 c5 36. dxc5 Qxc5 37. Rd7 Nc6 38. Nf3 Rcd8 39.
Red1 Rxd7 40. Rxd7 Qb5 41. Qd6 Na5 42. b3 1-0

[Event "Early-Titled-Tuesday-Blitz-September-12-2023"]
[Site "Chess.com"]
[Date "2023.09.12"]
[Round "6"]
[White "pankajfm"]
[Black "GaalZsoka"]
[Result "0-1"]
[WhiteElo "2111"]
[BlackElo "2480"]
[TimeControl "180+1"]
[EndTime "9:06:11 PDT"]
[Termination "GaalZsoka won on time"]

1. d4 f5 2. Bg5 Nf6 3. e3 Ne4 4.
Bf4 d6 5. f3 Nf6 6. Bd3 g6 7.
c3 Bg7 8. Nd2 O-O 9. Bg3 Nc6 10.
Nh3 e5 11. Qb3+ Kh8 12. Ng5 Qe7 13. h4 e4 14. fxe4 fxe4 15. Be2 Bg4 16. Bxg4 Nxg4 17. O-O-O Nxe3 18. Rde1 Nf5 19. Rxe4 Qd7 20. Be1 d5 21. Re2 Rae8 22. Rxe8 Rxe8 23. h5 Bh6 24. Ndf3 Qe7 25. Bd2 Ng3 26. hxg6 Nxh1 27. Nf7+ Kg7 28. Nxh6 hxg6 29.
Qd1 Nf2 30. Qg1 Ne4 31. Bf4 Qf6 32. Qh2 Rh8 33. Ne5 g5 34. Nxc6 gxf4 0-1

[Event "Early-Titled-Tuesday-Blitz-September-12-2023"]
[Site "Chess.com"]
[Date "2023.09.12"]
[Round "6"]
[White "Zampronha1971"]
[Black "mamey78"]
[Result "1/2-1/2"]
[WhiteElo "2343"]
[BlackElo "2588"]
[TimeControl "180+1"]
[EndTime "9:06:13 PDT"]
[Termination "Game drawn - insufficient material"]

1. e4 e5 2. Nf3 Nc6 3. d4 exd4 4. Nxd4 Bb4+ 5. c3 Bc5 6. Be3 Bb6 7. Nf5 g6 8. Bxb6 axb6 9. Ne3 Nf6 10. Nd2 d5 11. exd5 Nxd5 12. Nxd5 Qxd5 13. Qf3 Be6 14.
Qxd5 Bxd5 15. f3 O-O 16. Bc4 Rfe8+ 17. Kf2 Rad8 18. Rhe1 Ne5 19. Bf1 Kg7 20. Nb3 Bxb3 21. axb3 Rd2+ 22. Kg3 Re7 23. f4 Nc6 24. Rxe7 Nxe7 25.
Ra7 Rxb2 26. Rxb7 Rxb3 27. Rxc7 Nd5 28. Rd7 Rxc3+ 29. Kf2 Nxf4 30. Rb7 Rb3 31. Rxf7+ Kxf7 32. Bc4+ Kf6 33. Bxb3 Ke5 34. Bg8 h6 35. Kf3 b5 36.
Bf7 g5 37. Kg4 b4 38. g3 Nd5 39. Kh5 b3 40. Kxh6 b2 41. Bg6 Kf6 42. Bb1 Nc3 43. Bc2 Ne2 44. h4 g4 45. Kh5 Nxg3+ 46. Kxg4 Ne2 47.
Bb1 Nc3 48. Bc2 Nd5 49. Bb1 Ke5 50. h5 Kf6 51. Kf3 Kg5 52. Kf2 Kxh5 53. Ke1 Kg5 54. Kd2 Nb6 55. Kc3 Kf4 56. Kxb2 1/2-1/2